 Dungeon Crawl Stone Soup version 0.29-a0-284-gf9362112df (webtiles) character file.

Game seed: 10996977494629287033

97 PaleWalker the Grasshopper (level 4, 0/36 HPs)
             Began as a Palentonga Warper on Mar 14, 2022.
             Slain by a goblin
             ... wielding a +0 club
             ... led by Robin
              (1 damage)
             ... on level 2 of the Dungeon.
             The game lasted 00:06:03 (2178 turns).

PaleWalker the Grasshopper (Palentonga Warper)      Turns: 2178, Time: 00:06:04

Health: 0/36       AC:  4    Str: 14    XL:     4   Next: 42%
Magic:  5/7        EV:  9    Int: 16    God:
Gold:   102        SH:  0    Dex:  9    Spells: 5/7 levels left

rFire   . . .      SeeInvis +   a - +0 mace
rCold   . . .      Faith    .   (no shield)
rNeg    . . .      Spirit   .   b - +0 leather armour
rPois   .          Reflect  .   (no helmet)
rElec   .          Harm     .   (no cloak)
rCorr   .          Rampage  .   (no gloves)
Will    .....                   (no barding)
Stlth   +.........              (no amulet)
HPRegen 0.12/turn               (no ring)
MPRegen 0.10/turn               (no ring)

@: on blink cooldown, slowed, very slow
A: large, rugged brown scales 3, see invisible, deformed body, roll 1, armoured
tail
a: Rolling Charge


You were on level 2 of the Dungeon.
You visited 1 branch of the dungeon, and saw 2 of its levels.

You collected 102 gold pieces.

Inventory:

Hand Weapons
 a - a +0 mace (weapon)
Armour
 b - a +0 leather armour (worn)
 o - a +0 helmet
Scrolls
 c - a scroll of blinking
 f - a scroll of identify {unknown}
 g - a scroll of enchant weapon {unknown}
 l - a scroll of holy word {unknown}
 m - a scroll of amnesia {unknown}
Potions
 e - a potion of berserk rage {unknown}
 h - a potion of brilliance {unknown}
 i - 2 potions of attraction {unknown}
 j - a potion of lignification {unknown}
 k - a potion of curing {unknown}
 n - a potion of flight {unknown}


   Skills:
 + Level 2.8 Fighting
 * Level 3.6 Maces & Flails
 - Level 0.6 Throwing
 - Level 0.7 Armour
 - Level 1.5 Dodging
 - Level 2.0 Spellcasting
 + Level 3.7 Translocations


You had 5 spell levels left.
You knew the following spells:

 Your Spells              Type           Power      Damage    Failure   Level
a - Blink                 Tloc           26%        N/A       9%          2

Your spell library contained the following spells:

 Spells                   Type           Power      Damage    Failure   Level
 Gell's Gravitas          Tloc           13%        N/A       17%         3
 Lesser Beckoning         Tloc           13%        N/A       17%         3
 Teleport Other           Tloc           13%        N/A       17%         3
 Static Discharge         Conj/Air       1%         N/A       36%         2
 Manifold Assault         Tloc           13%        N/A       85%         5
 Lightning Bolt           Conj/Air       0%         1d11      100%        5
 Maxwell's Capacitive Co  Air            0%         ∞         100%        8


Dungeon Overview and Level Annotations

Branches:
Dungeon (2/15)

Altars:

Annotations:
D:2 Jessica


Innate Abilities, Weirdness & Mutations

You are completely covered in rugged brown scales. (AC +3, +7% HP)
You have supernaturally acute eyesight. (SInv)
Armour fits poorly on your strangely shaped body.
You can roll at nearby foes to attack.
You have a long armoured tail.


Message History

The goblin closely misses you. Jessica barely misses you.
Throw: 2 boomerangs (disperse)
Press: ? - help, Q - select action, (/) - cycle Shift-Dir - straight line, f/p - Jessica
Aim: Jessica, wielding a +0 dagger and wearing a +0 robe (heavily wounded, fast, 54% to hit)
You throw a boomerang of dispersal.
The boomerang of dispersal closely misses Jessica.
The goblin hits you with a +0 club.
* * * LOW HITPOINT WARNING * * *
Jessica hits you with a +0 dagger.
* * * LOW HITPOINT WARNING * * *
The goblin hits you with a +0 club.
* * * LOW HITPOINT WARNING * * *
Jessica looks very angry.
Jessica gestures at you while chanting.
You feel as though you will be slow longer.
Throw: boomerang (disperse)
Press: ? - help, Q - select action, (/) - cycle Shift-Dir - straight line, f/p - Jessica
Aim: Jessica, wielding a +0 dagger and wearing a +0 robe (heavily wounded, fast, 54% to hit)
You throw a boomerang of dispersal.
The boomerang of dispersal hits Jessica.
Jessica blinks!
Jessica is almost dead.
Jessica points at you and mumbles some strange words.
You feel as though you will be slow longer.
The goblin hits you but does no damage. The goblin closely misses you.
Blink to where?
Press: ? - help, Dir - move target, p - Jessica
As you read the scroll of blinking, it crumbles to dust.
Jessica gestures wildly while chanting.
Jessica blinks!
Jessica gestures wildly while chanting.
Jessica blinks!
Unknown command.
You are too injured to fight recklessly!
Casting: Blink (safe; 9% risk of failure)
Confirm with . or Enter, or press ? or * to list all spells.
You blink.
Jessica misses you. Jessica hits you with a +0 dagger.
* * * LOW HITPOINT WARNING * * *
The goblin hits you with a +0 club.
You die...

.##
####...#.##.......##
# #......##...)..##
##...####.#.).##
#..#####.##'##
#.§......##.# #
##.########.# # #.#
##.## # ####g##
##...####### #....@#
#........... #.##@.#
#....#######
#.##§.#####.#.##
#.##........#.#
#.###.#######.#
#.÷...# #.# #######
#.# ###########.#
#.....>..##.#


You could see Jessica (fast) and a goblin.

Vanquished Creatures
  Robin (D:2)
  3 adders (D:2)
  4 dart slugs
  5 endoplasms
  15 goblins
  5 hobgoblins
  3 jackals (D:1)
  3 ball pythons (D:1)
  5 bats
  A frilled lizard (D:1)
  A kobold (D:2)
  2 rats
48 creatures vanquished.

Notes
Turn   | Place    | Note
-------+----------+-------------------------------------------
     0 | D:1      | PaleWalker the Palentonga Warper began the quest for the
                  | Orb.
     0 | D:1      | Reached XP level 1. HP: 17/17 MP: 3/3
   179 | D:1      | Reached XP level 2. HP: 23/23 MP: 5/5
   657 | D:1      | Reached XP level 3. HP: 24/29 MP: 6/6
   794 | D:1      | You fall into a shaft and drop 1 floor!
   794 | D:2      | Found a faded altar of an unknown god.
  1827 | D:2      | Reached XP level 4. HP: 36/36 MP: 7/7
  1830 | D:2      | Learned a level 2 spell: Blink
  2122 | D:2      | Noticed Robin
  2143 | D:2      | Killed Robin
  2145 | D:2      | Noticed Jessica
  2178 | D:2      | HP: 1/36 [Jessica/+0 dagger (4)]
  2178 | D:2      | Slain by a goblin

Illustrated notes

Levels and vault maps discovered:
D:1:      dpeg_arrival_tiny_k, layout_loops_corners, item_on_display_a
D:2:      layout_loops_corners, ebering_ecumenical_altar_mist, uniq_robin,
          uniq_jessica

Skill      XL: |  1  2  3 |
---------------+----------+-----
Maces & Flails | 3 |  3.6
Fighting       | |  2.8
Throwing       | |  0.6
Armour         | |  0.7
Dodging        | |  1.5
Spellcasting   | |  2.0
Translocations | |  3.7

Action                   |  1- 3 |  4- 6 || total
-------------------------+-------+-------++-------
Melee: Mace              |    83 |    34 ||   117
       Tailslap          |     4 |     4 ||     8
       Punch             |       |     1 ||     1
Throw: Boomerang         |       |     7 ||     7
 Cast: Blink             |       |     1 ||     1
 Abil: Rolling Charge    |    29 |     3 ||    32
  Use: Scroll            |       |     1 ||     1
Armor: Leather armour    |    32 |    13 ||    45
Dodge: Dodged            |    29 |    23 ||    52

Table legend: (Time is in decaauts)
 A = Elapsed time spent in this place.
 B = Non-inter-level travel time spent in this place.
 C = Inter-level travel time spent in this place.
 D = Time resting spent in this place.
 E = Time spent auto-exploring this place.
 F = Levels seen in this place.
 G = Mean time per level.
                   A        B        C        D        E       F      G
               +--------+--------+--------+--------+--------+-----+--------+
         Total |   2215 |   2102 |    113 |    212 |   1580 |   2 | 1107.5 |
       Dungeon |   2215 |   2102 |    113 |    212 |   1580 |   2 | 1107.5 |
               +--------+--------+--------+--------+--------+-----+--------+

Top non-repeatable levels by time:
     D:1: 1125 daAuts
     D:2: 1089 daAuts
